 Dungeon Crawl Stone Soup version 0.28-a0-397-g1a7b1a870f (webtiles) character file.

Game seed: 7706289990914842697

1080 Gargoyl the Skirmisher (level 8, -1/73 HPs)
             Began as a Gnoll Abyssal Knight on Sept 4, 2021.
             Was a Believer of Lugonu.
             Slain by a gnoll (7 damage)
             ... on level 5 of the Dungeon.
             The game lasted 00:06:56 (6413 turns).

Gargoyl the Skirmisher (Gnoll Abyssal Knight)       Turns: 6413, Time: 00:06:56

Health: -1/73      AC: 12    Str: 15    XL:     8   Next: 29%
Magic:  12/12      EV:  3    Int: 11    God:    Lugonu [**....]
Gold:   177        SH:  8    Dex: 13    Spells: 13/13 levels left

rFire   + + .      SeeInvis +   a - +1 hand axe
rCold   . . .      Faith    .   p - +0 kite shield
rNeg    . . .      Spirit   .   o - +0 plate armour
rPois   .          Reflect  .   (no helmet)
rElec   .          Harm     .   (no cloak)
rCorr   .          Rampage  .   (no gloves)
Will    .....                   (no boots)
Stlth   ..........              (no amulet)
HPRegen 0.22/turn               f - ring of see invisible
MPRegen 0.13/turn               (no ring)

@: no status effects
A: fangs 1, strong nose, distributed training, agile 1, fire resistance 2,
robust 1
a: Renounce Religion, Depart the Abyss, Bend Space


You were on level 5 of the Dungeon.
You worshipped Lugonu.
Lugonu was pleased with you.
You visited 1 branch of the dungeon, and saw 5 of its levels.
You visited the Abyss 1 time.

You collected 177 gold pieces.

Inventory:

Hand Weapons
 a - a +1 hand axe (weapon)
Missiles
 d - 48 poisoned darts (quivered)
Armour
 o - a +0 plate armour (worn)
 p - a +0 kite shield (worn)
Jewellery
 f - a ring of see invisible (left hand)
Wands
 q - a wand of polymorph (7)
 r - a wand of iceblast (11)
Scrolls
 b - 3 scrolls of teleportation
 h - a scroll of immolation
Potions
 c - a potion of lignification
 e - a potion of mutation
 g - a potion of magic
 i - a potion of attraction {unknown}
 j - a potion of degeneration {unknown}
 k - 2 potions of berserk rage {unknown}
 l - a potion of resistance {unknown}
 m - 2 potions of cancellation {unknown}
 n - a potion of invisibility {unknown}
 s - a potion of flight {unknown}


   Skills:
 + Level 7.3 Fighting
 + Level 3.1 Short Blades
 + Level 3.1 Long Blades
 + Level 5.6 Axes
 + Level 3.1 Maces & Flails
 + Level 3.1 Polearms
 + Level 3.1 Staves
 + Level 3.1 Slings
 + Level 3.1 Bows
 + Level 3.1 Crossbows
 + Level 3.1 Throwing
 + Level 5.6 Armour
 + Level 4.1 Dodging
 + Level 3.1 Stealth
 + Level 3.1 Shields
 + Level 3.1 Unarmed Combat
 + Level 3.1 Spellcasting
 + Level 2.5 Conjurations
 + Level 2.5 Hexes
 + Level 2.5 Summonings
 + Level 2.5 Necromancy
 + Level 2.5 Translocations
 + Level 2.5 Transmutations
 + Level 2.5 Fire Magic
 + Level 2.5 Ice Magic
 + Level 2.5 Air Magic
 + Level 2.5 Earth Magic
 + Level 2.5 Poison Magic
 + Level 5.8 Invocations
 + Level 3.1 Evocations


You had 13 spell levels left.
You didn't know any spells.
Your spell library contained the following spells:

 Spells                   Type           Power      Damage    Failure   Level
 Pain                     Necr           28%        1d5       100%        1
 Agony                    Necr           7%         N/A       100%        5
 Excruciating Wounds      Necr           3%         N/A       100%        5


Dungeon Overview and Level Annotations

Branches:
Dungeon (5/15)             Temple (0/1) D:5

Altars:


Innate Abilities, Weirdness & Mutations

You have very sharp teeth.
Your uncanny sense of smell can sniff out nearby items.
Your experience applies equally to all skills.
You are agile. (Dex +2)
Your flesh is very heat resistant. (rF++)
You are robust. (+10% HP)


Message History

The gnoll shaman hits you but does no damage.
You completely miss the gnoll shaman. Your bite misses the gnoll shaman.
The gnoll shaman hits you with a +0 club.
You slash the gnoll shaman!
The gnoll shaman is moderately wounded.
A gnoll comes into view. It is wielding a +0 halberd.
The gnoll shaman calls upon its god to heal the gnoll.
The gnoll is healed somewhat.
You closely miss the gnoll shaman.
The gnoll shaman is moderately wounded.
The gnoll shaman calls upon its god to speed up the gnoll.
The gnoll seems to speed up.
You hear a shout!
You slash the gnoll shaman!
The gnoll shaman is almost dead.
The gnoll shaman hits you but does no damage.
You block the gnoll shaman's attack.
You slash the gnoll shaman!
You kill the gnoll shaman!
Lugonu accepts your kill. You block the gnoll's attack.
You hit the gnoll.
The gnoll is heavily wounded.
The gnoll hits you from afar with a +0 halberd!
* * * LOW HITPOINT WARNING * * *
The gnoll hits you but does no damage.
A gnoll comes into view. It is wielding a +0 flail.
The gnoll hits you from afar with a +0 halberd.
* * * LOW HITPOINT WARNING * * *
The gnoll barely misses you. You block the gnoll's attack.
The gnoll hits you but does no damage.
You open the door. You block the gnoll's attack.
The gnoll hits you from afar with a +0 halberd!
* * * LOW HITPOINT WARNING * * *
You block the gnoll's attack.
There is an open door here.
The gnoll hits you but does no damage. The gnoll hits you with a +0 club!
You die...

##.########## #.......[...#
#...........# #...#
#.Z.........# #...#
#...........######### #...#
#.g.................. #...#
. ##'#######...........
#...#
.##..g....##...[.......
#..(#
..#...@......)...######
#...# #.#...<..........#
##.[.## #.#..............#
......# #.#..............#
......# #.##+#'##........#
......#####..#.#.##........#
...........#.#.#.##........#
...........#...#.##........#
...........##..#.##........#


You could see 2 gnolls.

Vanquished Creatures
  Grinder (D:4)
  Sigmund (D:3)
  A black bear (D:5)
  A phantom (D:4)
  Blork the orc (D:4)
  A gnoll sergeant (D:4)
  A scorpion (D:4)
  A bullfrog zombie (D:5)
  A gnoll shaman (D:5)
  A scorpion zombie (D:5)
  An iguana (D:5)
  An orc wizard (D:4)
  Natasha (thrice) (D:3)
  4 gnolls (D:4)
  2 adders
  An ufetubus (D:5)
  A dart slug (D:1)
  3 worms
  8 orcs
  A bat (D:3)
  8 endoplasms
  6 giant cockroaches
  8 goblins
  8 hobgoblins
  3 quokkas
  5 ball pythons
  2 frilled lizards
  7 kobolds
82 creatures vanquished.

Vanquished Creatures (others)
  7 demonic plants (D:2)
  A plant (D:2)
  3 withered plants (D:2)
11 creatures vanquished.

Grand Total: 93 creatures vanquished

Notes
Turn   | Place    | Note
-------+----------+-------------------------------------------
     0 | Abyss:1  | Gargoyl the Gnoll Abyssal Knight began the quest for the
                  | Orb.
     0 | Abyss:1  | Reached XP level 1. HP: 23/23 MP: 3/3
    71 | Abyss:1  | Gained mutation: You are agile. (Dex +2) [potion of
                  | mutation]
    71 | Abyss:1  | Gained mutation: Your flesh is heat resistant. (rF+)
                  | [potion of mutation]
    71 | Abyss:1  | Gained mutation: You are robust. (+10% HP) [potion of
                  | mutation]
    71 | Abyss:1  | Gained mutation: Your flesh is very heat resistant. (rF++)
                  | [potion of mutation]
    86 | Abyss:1  | Found a corrupted altar of Lugonu.
   130 | Abyss:1  | Noticed a daeva
   131 | D:1      | Escaped the Abyss
   546 | D:1      | Reached XP level 2. HP: 31/31 MP: 5/5
  1435 | D:2      | Reached XP level 3. HP: 38/38 MP: 6/6
  1720 | D:2      | Found a faded altar of an unknown god.
  1836 | D:2      | Reached * piety under Lugonu
  2456 | D:3      | Noticed Natasha
  2476 | D:3      | Killed Natasha
  2477 | D:3      | Reached skill level 1 in Short Blades
  2477 | D:3      | Reached skill level 1 in Long Blades
  2477 | D:3      | Reached skill level 1 in Maces & Flails
  2477 | D:3      | Reached skill level 1 in Polearms
  2477 | D:3      | Reached skill level 1 in Staves
  2477 | D:3      | Reached skill level 1 in Slings
  2477 | D:3      | Reached skill level 1 in Bows
  2477 | D:3      | Reached skill level 1 in Crossbows
  2477 | D:3      | Reached skill level 1 in Throwing
  2477 | D:3      | Reached skill level 1 in Stealth
  2477 | D:3      | Reached skill level 1 in Shields
  2477 | D:3      | Reached skill level 1 in Unarmed Combat
  2477 | D:3      | Reached skill level 1 in Spellcasting
  2477 | D:3      | Reached skill level 1 in Evocations
  2477 | D:3      | Reached XP level 4. HP: 13/45 MP: 7/7
  2493 | D:3      | Noticed Natasha
  2509 | D:3      | Killed Natasha
  2510 | D:3      | Reached skill level 1 in Conjurations
  2510 | D:3      | Reached skill level 1 in Hexes
  2510 | D:3      | Reached skill level 1 in Summonings
  2510 | D:3      | Reached skill level 1 in Necromancy
  2510 | D:3      | Reached skill level 1 in Translocations
  2510 | D:3      | Reached skill level 1 in Transmutations
  2510 | D:3      | Reached skill level 1 in Fire Magic
  2510 | D:3      | Reached skill level 1 in Ice Magic
  2510 | D:3      | Reached skill level 1 in Air Magic
  2510 | D:3      | Reached skill level 1 in Earth Magic
  2510 | D:3      | Reached skill level 1 in Poison Magic
  2885 | D:3      | Noticed Natasha
  2901 | D:3      | Killed Natasha
  2902 | D:3      | Reached XP level 5. HP: 14/51 MP: 8/8
  3441 | D:3      | Noticed Sigmund
  3453 | D:3      | Killed Sigmund
  3454 | D:3      | Reached skill level 5 in Invocations
  3454 | D:3      | Reached XP level 6. HP: 50/58 MP: 9/9
  3681 | D:4      | Reached skill level 5 in Axes
  3681 | D:4      | Reached skill level 5 in Armour
  4305 | D:4      | Noticed Blork the orc
  4327 | D:4      | Killed Blork the orc
  4328 | D:4      | Reached XP level 7. HP: 31/64 MP: 10/10
  4334 | D:4      | Noticed Grinder
  4344 | D:4      | Paralysed by Grinder for 2 turns
  4353 | D:4      | Paralysed by Grinder for 3 turns
  4372 | D:4      | Paralysed by Grinder for 5 turns
  4376 | D:4      | Killed Grinder
  4377 | D:4      | Reached skill level 7 in Fighting
  5205 | D:4      | HP: 1/66 [gnoll sergeant (5)]
  5273 | D:5      | Entered Level 5 of the Dungeon
  5346 | D:5      | Reached ** piety under Lugonu
  5831 | D:4      | Reached XP level 8. HP: 52/73 MP: 12/12
  6318 | D:5      | Identified the +1 ring mail of Gozag's Envy {SInv}
  6344 | D:5      | Found a staircase to the Ecumenical Temple.
  6413 | D:5      | Slain by a gnoll

Illustrated notes

Levels and vault maps discovered:
D:1:      wander_arrival_abandoned_jail, layout_loops_ring
D:2:      layout_basic, shapermc_ecumenical_altar_gd
D:3:      layout_loops_ring, uniq_sigmund, uniq_natasha
D:4:      layout_basic, grunt_ministairs_11, uniq_grinder, uniq_blork_the_orc
D:5:      layout_basic, mainiacjoe_overflow_alcove_3,
          minmay_temple_entry_stoned_glass

Skill      XL: |  1  2  3  4  5  6  7  8 |
---------------+-------------------------+-----
Short Blades   | 1 2 3 |  3.1
Long Blades    | 1 2 3 |  3.1
Maces & Flails | 1 2 3 |  3.1
Polearms       | 1 2 3 |  3.1
Staves         | 1 2 3 |  3.1
Slings         | 1 2 3 |  3.1
Bows           | 1 2 3 |  3.1
Crossbows      | 1 2 3 |  3.1
Throwing       | 1 2 3 |  3.1
Stealth        | 1 2 3 |  3.1
Shields        | 1 2 3 |  3.1
Unarmed Combat | 1 2 3 |  3.1
Spellcasting   | 1 2 3 |  3.1
Evocations     | 1 2 3 |  3.1
Conjurations   | 1 2 |  2.5
Hexes          | 1 2 |  2.5
Summonings     | 1 2 |  2.5
Necromancy     | 1 2 |  2.5
Translocations | 1 2 |  2.5
Transmutations | 1 2 |  2.5
Fire Magic     | 1 2 |  2.5
Ice Magic      | 1 2 |  2.5
Air Magic      | 1 2 |  2.5
Earth Magic    | 1 2 |  2.5
Poison Magic   | 1 2 |  2.5
Dodging        | 3 4 |  4.1
Invocations    | 5 |  5.8
Axes           | 5 |  5.6
Armour         | 5 |  5.6
Fighting       | 7 |  7.3

Action                   |  1- 3 |  4- 6 |  7- 9 || total
-------------------------+-------+-------+-------++-------
Melee: Hand axe          |   116 |   160 |   161 ||   437
       Bite              |    12 |    17 |    21 ||    50
Throw: Dart              |     4 |    14 |    26 ||    44
Invok: Depart the Abyss  |     1 |       |       ||     1
Evoke: Wand              |       |     3 |     3 ||     6
  Use: Scroll            |     3 |     1 |     5 ||     9
       Potion            |     2 |     1 |     1 ||     4
 Stab: Sleeping          |     1 |       |       ||     1
Armor: Leather armour    |     9 |       |       ||     9
       Ring mail         |    28 |    60 |       ||    88
       Plate armour      |       |    18 |   113 ||   131
Dodge: Dodged            |    66 |    63 |    26 ||   155
Block: Kite shield       |       |       |    77 ||    77

Table legend: (Time is in decaauts)
 A = Elapsed time spent in this place.
 B = Non-inter-level travel time spent in this place.
 C = Inter-level travel time spent in this place.
 D = Time resting spent in this place.
 E = Time spent auto-exploring this place.
 F = Levels seen in this place.
 G = Mean time per level.
                   A        B        C        D        E       F      G
               +--------+--------+--------+--------+--------+-----+--------+
         Total |   6470 |   6331 |    139 |    719 |   4413 |   6 | 1078.3 |
       Dungeon |   6339 |   6200 |    139 |    719 |   4291 |   5 | 1267.8 |
         Abyss |    131 |    131 |      0 |      0 |    122 |   1 |  131.0 |
               +--------+--------+--------+--------+--------+-----+--------+

Top non-repeatable levels by time:
     D:4: 1856 daAuts
     D:3: 1593 daAuts
     D:1: 1157 daAuts
     D:2: 970 daAuts
     D:5: 762 daAuts
 Abyss:1: 131 daAuts
